 Dungeon Crawl Stone Soup version 0.30-a0-34-gbe8da3892a (webtiles) character file.

Game seed: 7257688176315278079

116400 Pooter the Severer (level 16, 0/149 HPs)
             Began as a Minotaur Berserker on Aug 27, 2022.
             Was an Elder of Trog.
             Slain by a flying skull (3 damage)
             ... summoned by a vampire mage
             ... on level 1 of the Depths.
             The game lasted 02:28:27 (27712 turns).

Pooter the Severer (Minotaur Berserker)            Turns: 27712, Time: 02:28:27

Health: 0/149      AC: 25    Str: 22    XL:     16   Next: 20%
Magic:  15/15      EV:  9    Int:  9    God:    Trog [****..]
Gold:   2597       SH:  0    Dex: 17    Spells: 15/15 levels left

rFire   + . .      SeeInvis .    a - +7 battleaxe (freeze)
rCold   + . .      Faith    .    (shield currently unavailable)
rNeg    . . .      Spirit   .    x - +4 plate armour
rPois   .          Reflect  .    (helmet restricted)
rElec   +          Harm     .    J - +0 cloak
rCorr   +          Rampage  .    M - +2 pair of gloves of the Lair of Beasts {rElec rF+}
Will    +....                    Y - +0 pair of boots
Stlth   ..........               w - amulet of regeneration
HPRegen 1.14/turn                C - ring of resist corrosion
MPRegen 0.14/turn                I - ring of protection from cold

@: on berserk cooldown, slowed, very slow
A: horns 2, retaliatory headbutt, agile 1, clever 1, sense surroundings 1
a: Renounce Religion, Berserk, Trog's Hand, Brothers in Arms


You were on level 1 of the Depths.
You worshipped Trog.
Trog was greatly pleased with you.
You visited 4 branches of the dungeon, and saw 23 of its levels.
You also visited: Bailey.

You collected 3010 gold pieces.
You spent 413 gold pieces at shops.

Inventory:

Hand Weapons
 a - a +7 battleaxe of freezing (weapon)
   (You took it off a wight on level 7 of the Dungeon)
 b - a +1 hand crossbow of freezing
   (You found it on level 2 of the Lair of Beasts)
 c - a +0 longbow
   (You found it on level 9 of the Dungeon)
 s - a +0 trident
   (You took it off an orc on level 3 of the Dungeon)
 y - a +3 demon trident
   (Trog gifted it to you on level 2 of the Orcish Mines)
 H - a +3 rapier of electrocution
   (You took it off Duvessa on level 7 of the Dungeon)
 N - a +4 broad axe
   (You took it off an orc warlord in a bailey)
Missiles
 g - 3 boomerangs of dispersal {!f}
 l - 8 boomerangs (quivered)
 p - 7 javelins
 z - 15 curare-tipped darts
 G - 50 poisoned darts
 Q - 34 stones
Armour
 x - a +4 plate armour (worn)
   (You took it off an orc warrior on level 5 of the Dungeon)
 J - a +0 cloak (worn)
   (You found it on level 12 of the Dungeon)
 K - a +0 pair of gloves of stealth
   (You found it on level 5 of the Lair of Beasts)
 M - the +2 pair of gloves of the Lair of Beasts (worn) {rElec rF+}
   (You acquired it in a bailey)

   rF:        It protects you from fire.
   rElec:     It insulates you from electricity.
 Y - a +0 pair of boots (worn)
   (You found it on level 4 of the Lair of Beasts)
Jewellery
 w - an amulet of regeneration (around neck)
   (You found it on level 1 of the Dungeon)
 C - a ring of resist corrosion (left hand)
   (You found it on level 2 of the Dungeon)
 I - a ring of protection from cold (right hand)
   (You found it on level 9 of the Dungeon)
 X - a ring of willpower
   (You found it on level 4 of the Lair of Beasts)
Wands
 f - a wand of flame (40)
   (You found it on level 6 of the Dungeon)
 n - a wand of light (6)
   (You took it off Natasha on level 2 of the Dungeon)
 D - a wand of digging (5)
   (You found it on level 9 of the Dungeon)
 L - a wand of mindburst (3)
   (You found it on level 9 of the Dungeon)
 U - a wand of roots (6)
   (You found it on level 7 of the Dungeon)
 W - a wand of charming (28)
   (You found it on level 3 of the Lair of Beasts)
Scrolls
 m - 3 scrolls of fear
 r - 3 scrolls of magic mapping
 t - 10 scrolls of teleportation {@r4}
 u - 5 scrolls of fog
 P - a scroll of summoning
 T - 4 scrolls of poison {!r}
Potions
 d - 5 potions of attraction {!q}
 e - 11 potions of heal wounds {@q2}
 h - a potion of resistance
 j - 5 potions of lignification {!q}
 o - 2 potions of ambrosia
 q - 3 potions of mutation {!q}
 v - 2 potions of invisibility
 A - 3 potions of haste {@q3}
 B - a potion of cancellation
 E - 11 potions of curing {@q1}
 F - 4 potions of flight
 V - a potion of might
Miscellaneous
 k - a phantom mirror (inert)
   (You found it on level 5 of the Lair of Beasts)
 R - a phial of floods
   (You found it in a bailey)


   Skills:
 + Level 15.5 Fighting
 - Level 20.0 Axes
 * Level 14.5 Ranged Weapons
 + Level 4.2 Throwing
 * Level 11.0 Armour
 + Level 5.3 Dodging
 + Level 3.9 Stealth
 - Level 10.7 Evocations


You had 15 spell levels left.
You didn't know any spells.
Your spell library was empty.

Dungeon Overview and Level Annotations

Branches:
Dungeon (15/15)            Temple (0/1) D:6            Lair (5/5) D:10
  Swamp (0/4) Lair:3        Snake (0/4) Lair:3        Slime (0/5) Lair:4
    Orc (2/2) D:12            Elf (0/3) Orc:2        Vaults (0/5) D:13
 Depths (1/4) D:15         Bailey (visited)

Altars:
Ashenzari
Elyvilon
Gozag
Hepliaklqana
Yredelemnul
Zin
The Shining One

Shops:
D:7 (   Orc:2 [[(!

Annotations:
D:2 1 runed translucent door, Crazy Yiuf


Innate Abilities, Weirdness & Mutations

You have a pair of horns on your head.
You reflexively headbutt those who attack you in melee.
You are agile. (Dex +4, Str/Int -1)
Your mind is acute. (Int +4, Str/Dex -1)
You passively map a small area around you.


Message History

Your jiangshi barely misses the jiangshi.
You close the door.
The jiangshi attacks as you move away! The jiangshi claws you!
* * * LOW HITPOINT WARNING * * *
The jiangshi draws strength from your injuries!
The jiangshi claws you but does no damage.
The jiangshi claws you!
* * * LOW HITPOINT WARNING * * *
The jiangshi draws strength from your injuries!
The jiangshi claws you.
* * * LOW HITPOINT WARNING * * *
The jiangshi draws strength from your injuries!
Aim: a jiangshi (summoned, 76% to hit)
The bolt of light hits the jiangshi!!
The jiangshi is blinded.
The jiangshi barely misses you.
The jiangshi claws you but does no damage. x2
The jiangshi claws you.
* * * LOW HITPOINT WARNING * * *
The jiangshi draws strength from your injuries!
Unknown command.
You can't see any enemies this would affect, really read the scroll of fear?
Okay, then.
You feel much better. The jiangshi barely misses you. x2
The jiangshi claws you but does no damage.
The jiangshi claws you!
* * * LOW HITPOINT WARNING * * *
The jiangshi draws strength from your injuries!
The jiangshi closely misses you. The jiangshi claws you!
* * * LOW HITPOINT WARNING * * *
The jiangshi draws strength from your injuries!
The jiangshi claws you.
* * * LOW HITPOINT WARNING * * *
The jiangshi draws strength from your injuries!
The jiangshi claws you but does no damage.
Aim: a jiangshi (moderately damaged, summoned, blind)
The roots erupt in riotous growth!
Roots grab the jiangshi. x2; Roots grab the flying skull.
The grasping roots constrict the jiangshi!
The grasping roots constrict the jiangshi!!
The grasping roots constrict the flying skull.
You hear an angry buzzing noise. x3
The jiangshi is no longer blind.
The jiangshi claws you but does no damage. x2
The jiangshi barely misses you. You furiously retaliate!
You headbutt the jiangshi, but do no damage.
The jiangshi claws you!
* * * LOW HITPOINT WARNING * * *
The jiangshi draws strength from your injuries!
The flying skull hits you.
You die...

* #####..#.## **
#........# ,*
#'##...#.# ,**
###..#..##†# ,,*
*#.T⌠)'.....# ,,**
*#.....#####'##
,,,**#....###......#
#,,,....###........#
#,,,⌠..,*#......@..#
#,,,..,,*#.....VVz.#
#,⌠,.,⌠,*#.........#
#,,,,,,,*#.........#
#,,,⌠,,,*#.....V...#
#,,,,,,,*#.........#
,,,***,,,##........#
,,**,**,,,#.....z..#
,****+*,,,##.......#


You could see 2 jiangshi, a vampire mage, a flying skull (summoned, rooted) and
a wight (summoned).

Vanquished Creatures
  Kirke (D:15)
  Roxanne (D:15)
  2 frost giants
  An orc warlord (Bailey)
  A fire giant (Depths:1)
  3 vampire knights (Depths:1)
  Snorg (Lair:4)
  A rakshasa (Depths:1)
  3 boulder beetles
  11 hydras
  2 ogre magi (D:15)
  11 two-headed ogres
  A catoblepas (Lair:3)
  5 centaur warriors
  7 tengu warriors
  Urug (Lair:2)
  A deep troll earth mage (Depths:1)
  3 orc high priests (Orc:2)
  9 death yaks
  Amaemon (D:11)
  3 iron trolls (Depths:1)
  2 deep trolls (Depths:1)
  Pikel (D:6)
  6 deep elf pyromancers
  A deep elf archer (D:13)
  A wizard (D:9)
  15 ugly things
  9 orc knights
  A lindwurm (Lair:5)
  6 orc sorcerers
  2 oklob plants (Lair:4)
  A faun (shapeshifter) (D:13)
  A wolf spider (D:15)
  A salamander (shapeshifter) (D:14)
  2 cyclopes
  Joseph (D:7)
  5 elephants (Lair:5)
  5 black mambas
  An orange demon (D:11)
  A torpor snail (Lair:5)
  A rime drake (shapeshifter) (D:15)
  An unseen horror (D:12)
  7 cane toads
  3 gargoyles
  A kobold demonologist (D:9)
  A rime drake (Lair:2)
  A freezing wraith (D:15)
  2 komodo dragons
  8 trolls
  3 meliai (D:13)
  2 tyrant leeches (Lair:3)
  3 hornets (Lair:5)
  A wolf spider simulacrum (D:14)
  15 slime creatures
  4 polar bears
  25 blink frogs
  A wind drake (shapeshifter) (D:15)
  A tarantella (shapeshifter) (D:15)
  15 dream sheep
  14 spriggans (Lair:5)
  A shadow (D:10)
  2 water elementals
  Sigmund (D:2)
  A vampire (D:11)
  A wraith (D:12)
  44 yaks
  3 wyverns
  2 basilisks (Lair:5)
  4 hogs (D:15)
  A steam dragon (D:7)
  3 vampire mosquitoes (D:10)
  A swamp worm (Lair:3)
  Menkaure (D:7)
  6 acid dragons
  2 nagas (Lair:3)
  A warg (D:15)
  15 water moccasins
  Duvessa (D:7)
  9 black bears
  40 orc warriors
  9 ogres
  5 boggarts
  6 ice beasts
  13 centaurs
  4 phantoms
  27 wolves
  8 kobold brigands
  9 bullfrogs
  5 gnoll sergeants
  A necrophage (D:8)
  10 wights
  Dowan (D:7)
  3 killer bees (D:9)
  3 electric eels
  9 howler monkeys
  A centaur zombie (D:8)
  A crimson imp (D:9)
  2 jellies (D:8)
  A gnoll bouda (D:9)
  12 hounds
  17 orc priests
  Natasha (thrice) (D:2)
  3 iguanas
  35 orc wizards
  A howler monkey zombie (D:8)
  26 gnolls
  9 adders
  A shadow imp (D:5)
  3 white imps
  An ufetubus (D:5)
  4 worms
  2 dart slugs
  103 orcs
  5 ball pythons
  2 bats (D:3)
  7 endoplasms
  4 giant cockroaches
  17 goblins
  22 hobgoblins
  2 quokkas (D:4)
  3 frilled lizards
  27 kobolds
  3 rats
809 creatures vanquished.

Vanquished Creatures (collateral kills)
  2 orc sorcerers (Orc:2)
  2 orc warriors (Orc:2)
4 creatures vanquished.

Vanquished Creatures (others)
  An ogre mage (D:13)
  An orc priest (Orc:2)
  36 fungi
  42 plants
  3 toadstools (D:2)
83 creatures vanquished.

Grand Total: 896 creatures vanquished

Notes
Turn   | Place    | Note
-------+----------+-------------------------------------------
     0 | D:1      | Pooter the Minotaur Berserker began the quest for the Orb.
     0 | D:1      | Reached XP level 1. HP: 19/19 MP: 0/0
   249 | D:1      | Reached skill level 4 in Axes
   271 | D:1      | Reached XP level 2. HP: 27/27 MP: 1/1
   902 | D:2      | Found a faded altar of an unknown god.
  1133 | D:2      | Reached XP level 3. HP: 33/33 MP: 2/2
  1279 | D:2      | Noticed Sigmund
  1282 | D:2      | Noticed Natasha
  1287 | D:2      | Killed Sigmund
  1288 | D:2      | Reached skill level 5 in Fighting
  1288 | D:2      | Reached skill level 6 in Axes
  1288 | D:2      | Reached XP level 4. HP: 42/42 MP: 3/3
  1288 | D:2      | Reached XP level 5. HP: 48/48 MP: 4/4
  1293 | D:2      | Killed Natasha
  1293 | D:2      | Reached ** piety under Trog
  1461 | D:2      | Noticed Natasha
  1467 | D:2      | Killed Natasha
  1468 | D:2      | Reached skill level 7 in Axes
  1496 | D:2      | Noticed Natasha
  1498 | D:2      | Killed Natasha
  1499 | D:2      | Reached XP level 6. HP: 56/56 MP: 5/5
  1667 | D:2      | Found a runed translucent door.
  1668 | D:2      | Noticed Crazy Yiuf
  2369 | D:3      | Found a hazy altar of Hepliaklqana.
  2708 | D:4      | Reached skill level 1 in Evocations
  3185 | D:4      | Reached skill level 8 in Axes
  3185 | D:4      | Reached XP level 7. HP: 31/63 MP: 6/6
  3377 | D:5      | Entered Level 5 of the Dungeon
  3779 | D:5      | Reached *** piety under Trog
  3787 | D:5      | Reached skill level 9 in Axes
  3880 | D:5      | Reached XP level 8. HP: 53/71 MP: 7/7
  3913 | D:5      | Found a broken altar of Ashenzari.
  4109 | D:5      | Reached skill level 10 in Axes
  5042 | D:6      | Found a staircase to the Ecumenical Temple.
  5212 | D:6      | Noticed Pikel
  5239 | D:6      | Killed Pikel
  5240 | D:6      | Reached skill level 11 in Axes
  5240 | D:6      | Reached XP level 9. HP: 82/82 MP: 8/8
  5539 | D:6      | You fall into a shaft and drop 1 floor!
  5741 | D:7      | Found a white marble altar of Elyvilon.
  5779 | D:7      | Reached skill level 5 in Evocations
  5791 | D:7      | Reached skill level 12 in Axes
  5822 | D:7      | Noticed Menkaure
  5825 | D:7      | Killed Menkaure
  5847 | D:7      | Noticed Dowan
  5868 | D:7      | Noticed Duvessa
  5876 | D:7      | Killed Duvessa
  5882 | D:7      | Killed Dowan
  6061 | D:7      | Noticed Joseph
  6076 | D:7      | Killed Joseph
  6386 | D:7      | Found Nozudube's Weapon Shop.
  6391 | D:7      | Bought a +0 battleaxe for 71 gold pieces
  6408 | D:7      | Found an opulent altar of Gozag.
  6635 | D:7      | Reached skill level 13 in Axes
  6635 | D:7      | Reached XP level 10. HP: 85/88 MP: 9/9
  7061 | D:8      | Reached **** piety under Trog
  7419 | D:8      | Reached skill level 10 in Fighting
  7449 | D:8      | Found a basalt altar of Yredelemnul.
  7601 | D:9      | Noticed a wizard
  7606 | D:9      | Killed a wizard
  7900 | D:9      | Reached skill level 14 in Axes
  7932 | D:9      | Found a flagged portal.
  7939 | Bailey   | Entered a bailey
  7971 | Bailey   | Noticed an orc knight
  7982 | Bailey   | Killed an orc knight
  8100 | Bailey   | Noticed an orc warlord
  8115 | Bailey   | Killed an orc warlord
  8116 | Bailey   | Reached XP level 11. HP: 102/102 MP: 10/10
  8213 | Bailey   | Reached skill level 15 in Axes
  8311 | Bailey   | Acquired the +2 pair of gloves of the Lair of Beasts {rElec
                  | rF+}
  8360 | D:9      | Identified the +6 dagger "Giclec" {speed, *Corrode rElec
                  | rF++}
  8465 | D:9      | Reached skill level 1 in Ranged Weapons
  8752 | D:9      | Reached ***** piety under Trog
  9111 | D:10     | Entered Level 10 of the Dungeon
 10243 | D:10     | Found a staircase to the Lair.
 11129 | Lair:1   | Entered Level 1 of the Lair of Beasts
 11833 | Lair:2   | Reached skill level 5 in Ranged Weapons
 11835 | Lair:2   | Noticed a four-headed hydra
 11843 | Lair:2   | Reached skill level 16 in Axes
 11843 | Lair:2   | Killed a seven-headed hydra
 11857 | Lair:2   | Noticed Urug
 11937 | Lair:2   | Killed Urug
 11938 | Lair:2   | Reached XP level 12. HP: 112/112 MP: 11/11
 12194 | Lair:2   | Noticed a death yak
 12195 | Lair:2   | Noticed a death yak
 12195 | Lair:2   | Noticed a death yak
 12206 | Lair:2   | Killed a death yak
 12207 | Lair:2   | Killed a death yak
 12213 | Lair:2   | Killed a death yak
 12778 | Lair:3   | Found a staircase to the Snake Pit.
 12824 | Lair:3   | Found a staircase to the Swamp.
 12891 | Lair:3   | Reached skill level 17 in Axes
 13241 | Lair:3   | Noticed a four-headed hydra
 13249 | Lair:3   | Killed a six-headed hydra
 13527 | Lair:3   | Noticed a catoblepas
 13536 | Lair:3   | Killed a catoblepas
 13898 | Lair:4   | Reached XP level 13. HP: 109/119 MP: 12/12
 14117 | Lair:4   | Noticed Snorg
 14124 | Lair:4   | Killed Snorg
 14658 | Lair:4   | Reached skill level 18 in Axes
 14890 | Lair:4   | Found a staircase to the Slime Pits.
 15150 | Lair:5   | Entered Level 5 of the Lair of Beasts
 15162 | Lair:4   | Reached skill level 10 in Ranged Weapons
 15558 | Lair:5   | Reached skill level 5 in Armour
 15817 | Lair:5   | Reached XP level 14. HP: 124/130 MP: 13/13
 15819 | Lair:5   | Reached skill level 10 in Evocations
 15967 | Lair:5   | Paralysed by a hornet for 2 turns
 15977 | Lair:5   | Reached skill level 19 in Axes
 16023 | Lair:5   | Identified the +5 war axe of Narrow Tortfeasance {freeze,
                  | rN+}
 17091 | D:11     | Received a gift from Trog
 17161 | D:11     | Noticed Amaemon
 17166 | D:11     | Killed Amaemon
 17536 | D:12     | Identified the +0 barding of Deanguym {rElec rC+ rCorr
                  | Dex-3}
 17564 | D:12     | Found a transporter.
 17840 | D:12     | Found a staircase to the Orcish Mines.
 17851 | Orc:1    | Entered Level 1 of the Orcish Mines
 18022 | Orc:2    | Entered Level 2 of the Orcish Mines
 18517 | Orc:2    | Received a gift from Trog
 18689 | Orc:2    | Found a staircase to the Elven Halls.
 20785 | Orc:2    | Reached XP level 15. HP: 134/139 MP: 14/14
 20805 | Orc:2    | Found Kisax's Armour Shoppe.
 20805 | Orc:2    | Found Kaite's Distillery.
 20807 | Orc:2    | Found Vubigg's Armour Shoppe.
 20807 | Orc:2    | Found Tithryappua's Weapon Boutique.
 20817 | Orc:2    | Bought 3 curare-tipped darts for 23 gold pieces
 20819 | Orc:2    | Bought a potion of heal wounds for 55 gold pieces
 20819 | Orc:2    | Bought 2 potions of curing for 66 gold pieces
 20819 | Orc:2    | Bought a potion of curing for 33 gold pieces
 20819 | Orc:2    | Bought a potion of curing for 33 gold pieces
 20819 | Orc:2    | Bought a potion of curing for 33 gold pieces
 20819 | Orc:2    | Bought a potion of heal wounds for 55 gold pieces
 20819 | Orc:2    | Bought a potion of brilliance for 44 gold pieces
 20942 | D:12     | Reached skill level 20 in Axes
 21417 | D:13     | Gained mutation: Potions are less effective at restoring
                  | your health. [potion of mutation]
 21417 | D:13     | Gained mutation: Your mind is acute. (Int +4, Str/Dex -1)
                  | [potion of mutation]
 21417 | D:13     | Gained mutation: You have sharp toenails. [potion of
                  | mutation]
 21417 | D:13     | Gained mutation: Your mind is very acute. (Int +8, Str/Dex
                  | -2) [potion of mutation]
 21418 | D:13     | Lost mutation: Potions are less effective at restoring your
                  | health. [potion of mutation]
 21418 | D:13     | Lost mutation: You have sharp toenails. [potion of
                  | mutation]
 21418 | D:13     | Gained mutation: You sometimes lose your temper in combat.
                  | [potion of mutation]
 21418 | D:13     | Lost mutation: You sometimes lose your temper in combat.
                  | [potion of mutation]
 21419 | D:13     | Lost mutation: Your mind is very acute. (Int +8, Str/Dex
                  | -2) [potion of mutation]
 21419 | D:13     | Lost mutation: Your mind is acute. (Int +4, Str/Dex -1)
                  | [potion of mutation]
 21419 | D:13     | Gained mutation: Your mind is acute. (Int +4, Str/Dex -1)
                  | [potion of mutation]
 21419 | D:13     | Gained mutation: You are agile. (Dex +4, Str/Int -1)
                  | [potion of mutation]
 21419 | D:13     | Gained mutation: You passively map a small area around you.
                  | [potion of mutation]
 21516 | D:13     | HP: 6/139 [fire elemental[a deep elf pyromancer] (1)]
 21653 | D:13     | Reached skill level 1 in Throwing
 21653 | D:13     | Reached skill level 1 in Stealth
 21814 | D:13     | Found a glowing silver altar of Zin.
 24334 | D:13     | Found a gate to the Vaults.
 25004 | D:14     | Found a glowing golden altar of the Shining One.
 25158 | D:14     | Reached skill level 15 in Fighting
 25581 | D:15     | Entered Level 15 of the Dungeon
 25887 | D:15     | Reached skill level 10 in Armour
 25937 | D:15     | Noticed Roxanne
 25960 | D:15     | Killed Roxanne
 26267 | D:15     | Noticed Kirke
 26275 | D:15     | Killed Kirke
 26580 | D:15     | Noticed a frost giant
 26595 | D:15     | Killed a frost giant
 26629 | D:15     | Found a staircase to the Depths.
 26815 | Depths:1 | Entered Level 1 of the Depths
 26859 | Depths:1 | Noticed a fire giant
 26867 | Depths:1 | Killed a fire giant
 26904 | Depths:1 | Reached XP level 16. HP: 149/149 MP: 15/15
 26909 | Depths:1 | Reached skill level 5 in Dodging
 27693 | Depths:1 | HP: 1/149 [jiangshi[a vampire mage] (10)]
 27708 | Depths:1 | HP: 5/149 [jiangshi[a vampire mage] (9)]
 27712 | Depths:1 | Slain by a flying skull

Illustrated notes

Levels and vault maps discovered:
D:1:      dpeg_arrival_round_a, layout_basic, hangedman_decor_slide_cut
D:2:      layout_basic, nicolae_ecumenical_oubliette, minmay_hedge_maze,
          minmay_gold_behind_fungi, minmay_randomly_rotated_circles,
          uniq_sigmund, uniq_natasha, uniq_crazy_yiuf_cottage
D:3:      layout_basic, mainiacjoe_overflow_boulevard
D:4:      layout_loops_ring
D:5:      kb_forest_paths, layout_loops_corners, cheibrodos_ashenzari_chains
D:6:      layout_basic, chequers_temple_overflow_statue_of_worship,
          minmay_temple_entry_waves, dk_noncrumbling_2, grunt_ministairs_15,
          uniq_pikel
D:7:      layout_loops_ring, grunt_gozag_statues, elyvilon_altar_5,
          serial_shops, shop, uniq_joseph, uniq_menkaure, uniq_duvessa
D:8:      layout_rooms, lemuel_zombie_altar_yredelemnul
D:9:      kennysheep_housing_project, layout_layer_cave, enter_bailey_2,
          lightli_wizard_tower
D:10:     layout_roguey, erik_lair_island, nicolae_eternal_life, minmay_orc_keep
D:11:     layout_roguey, special_room [special_room_orc], uniq_amaemon
D:12:     layout_gridville, orc_0_dummy, nicolae_diode_basic
D:13:     layout_loops_corners, hangedman_vaults_entry_quadrant_bands,
          zin_scriptorium
D:14:     layout_irregular_city, tso_metal_star, serial_ice, serial_ice_g,
          serial_ice_a, serial_ice_d, serial_ice_j
D:15:     grunt_enter_depths_snipers, layout_basic, serial_bayou_pond_c,
          uniq_roxanne, uniq_kirke
Lair:1:   layout_long_grid
Lair:2:   layout_chaotic_city, uniq_urug
Lair:3:   layout_cellular_growth, minmay_swamp_entry_worms,
          guppyfry_snake_entry_island, fungi_pond_lemuel, st_stairs_3
Lair:4:   layout_regular_city, minmay_slime_entry_oklob_enclosed,
          grunt_megastairs_1, uniq_snorg
Lair:5:   minmay_lair_end_enchanted_forest, layout_loops_ring
Orc:1:    layout_diamond_mine
Orc:2:    grunt_orc_tribal_feast, layout_caves, nicolae_orc_lava_room
Depths:1: layout_gridlike, hell_entry, columned_hall_lemuel,
          minmay_guarded_unrand_vampires_tooth, grunt_megastairs_4

Skill      XL: |  1  2  3  4  5  6  7  8  9 10 11 12 13 14 15 16 |
---------------+-------------------------------------------------+-----
Axes           | 4 6 7 8 9 11 13 14 16 17 18 19 20 | 20.0
Fighting       | 4 5 6 8 9 11 12 13 14 15 | 15.5
Evocations     | 1 2 4 5 7 8 9 10 | 10.7
Ranged Weapons | 6 9 11 12 14 | 14.5
Armour         | 5 7 10 11 | 11.0
Throwing       | 3 4 |  4.2
Stealth        | 3 |  3.9
Dodging        | 4 5 |  5.3

Action                   |  1- 3 |  4- 6 |  7- 9 | 10-12 | 13-15 | 16-18 || total
-------------------------+-------+-------+-------+-------+-------+-------++-------
Melee: Hand axe          |    42 |     7 |       |       |       |       ||    49
       Headbutt          |     5 |     9 |    21 |    63 |   172 |    28 ||   298
       Halberd           |       |    91 |   191 |       |       |       ||   282
       Battleaxe         |       |       |    13 |   416 |   749 |    80 ||  1258
       Demon trident     |       |       |       |       |    12 |       ||    12
 Fire: Shortbow          |       |       |    41 |   104 |       |       ||   145
       Hand crossbow     |       |       |       |    49 |   210 |       ||   259
Throw: Boomerang         |       |     6 |       |     2 |    13 |     2 ||    23
       Dart              |       |       |       |    40 |    12 |       ||    52
       Javelin           |       |       |       |       |    13 |     2 ||    15
Invok: Berserk           |     1 |       |     9 |    12 |    22 |     3 ||    47
       Trog's Hand       |       |       |     4 |    22 |    28 |     2 ||    56
       Brothers in Arms  |       |       |       |       |     2 |       ||     2
Evoke: Wand              |       |       |     6 |    16 |    12 |     2 ||    36
       Phial of floods   |       |       |       |     1 |     2 |       ||     3
       Phantom mirror    |       |       |       |       |       |     1 ||     1
  Use: Scroll            |       |     4 |     4 |    15 |    15 |     1 ||    39
       Potion            |       |       |       |       |    11 |     1 ||    12
 Stab: Invisible         |       |       |     2 |     2 |       |       ||     4
       Betrayed ally     |       |       |       |       |     1 |       ||     1
Armor: Ring mail         |     5 |    21 |       |       |       |       ||    26
       Animal skin       |     1 |       |       |       |       |       ||     1
       Chain mail        |       |    15 |    23 |       |       |       ||    38
       Plate armour      |       |       |   181 |   303 |   531 |    50 ||  1065
Dodge: Dodged            |    30 |    44 |   110 |   157 |   250 |    22 ||   613

Table legend: (Time is in decaauts)
 A = Elapsed time spent in this place.
 B = Non-inter-level travel time spent in this place.
 C = Inter-level travel time spent in this place.
 D = Time resting spent in this place.
 E = Time spent auto-exploring this place.
 F = Levels seen in this place.
 G = Mean time per level.
                   A        B        C        D        E       F      G
               +--------+--------+--------+--------+--------+-----+--------+
         Total |  28214 |  27269 |    945 |   8724 |  12922 |  24 | 1175.6 |
       Dungeon |  18059 |  17415 |    644 |   5574 |   8770 |  15 | 1203.9 |
          Lair |   5804 |   5561 |    243 |    778 |   3588 |   5 | 1160.8 |
  Orcish Mines |   3096 |   3040 |     56 |   1884 |    481 |   2 | 1548.0 |
        Depths |    824 |    824 |      0 |    385 |      0 |   1 |  824.0 |
        Bailey |    429 |    429 |      0 |    101 |     83 |   1 |  429.0 |
               +--------+--------+--------+--------+--------+-----+--------+

Top non-repeatable levels by time:
    D:13: 3279 daAuts
   Orc:2: 2284 daAuts
    D:10: 2055 daAuts
     D:5: 1546 daAuts
  Lair:5: 1460 daAuts
  Lair:4: 1382 daAuts
  Lair:3: 1332 daAuts
    D:15: 1236 daAuts
     D:7: 1201 daAuts
     D:9: 1197 daAuts
    D:14: 1132 daAuts
     D:1: 947 daAuts
     D:2: 944 daAuts
     D:8: 882 daAuts
  Lair:2: 835 daAuts
